 Dungeon Crawl Stone Soup version 0.19.0-9-gfd783f2 (webtiles) character file.

1756 Querens the Shield-Bearer (level 9, -15/82 HPs)
             Began as a Gargoyle Fighter on Nov 7, 2016.
             Was a Believer of Okawaru.
             Demolished by an orc warrior
             ... wielding a +0 halberd
              (17 damage)
             ... on level 7 of the Dungeon.
             The game lasted 00:24:02 (4108 turns).

Querens the Shield-Bearer (Gargoyle Fighter)        Turns: 4108, Time: 00:24:03

Health: -15/82     AC: 17    Str: 25    XL:     9   Next: 6%
Magic:  9/9        EV:  8    Int:  9    God:    Okawaru [**....]
Gold:   271        SH: 11    Dex: 12    Spells: 0 memorised, 8 levels left

rFire  x . .     SeeInvis .     a - +0 flail
rCold  + . .     Gourm    .     t - +2 scale mail {MR+}
rNeg   + . .     Faith    .     c - +0 shield
rPois  ∞         Spirit   .     y - +0 helmet
rElec  +         Reflect  .     (no cloak)
rCorr  .         Harm     .     (no gloves)
MR     +....     Rnd*Tele +     (no boots)
Stlth  ..........               g - amulet of magic regeneration
                                z - ring of teleportation (curse)
                                I - ring of ice (curse)

@: mighty, berserking (expiring), very slightly contaminated, hasted, very quick
A: negative energy resistance 1, electricity resistance, unbreathing,
petrification resistance, rot immunity, AC +5
a: Heroism, Renounce Religion


You were on level 7 of the Dungeon.
You worshipped Okawaru.
Okawaru was pleased with you.
You were near starving.

You visited 2 branches of the dungeon, and saw 8 of its levels.

You collected 271 gold pieces.

Inventory:

Hand Weapons
 a - a +0 flail (weapon)
Armour
 b - a +0 scale mail
 c - a +0 shield (worn)
 t - a +2 scale mail of magic resistance (worn)
 y - a +0 helmet (worn)
Jewellery
 g - an amulet of magic regeneration (around neck)
 n - an uncursed ring of protection from magic
 r - an uncursed ring of flight
 z - a cursed ring of teleportation (right hand)
 C - an uncursed ring of magical power
 I - a cursed ring of ice (left hand)
Scrolls
 j - 2 scrolls of enchant armour
 k - a scroll of fear {unknown}
 o - 5 scrolls of fog
 p - 2 scrolls of recharging {unknown}
 u - 3 scrolls of teleportation {unknown}
 v - a scroll of blinking {unknown}
 A - 2 scrolls of immolation {unknown}
 D - 2 scrolls of amnesia {unknown}
 E - a scroll of enchant weapon {unknown}
Potions
 d - 2 potions of might
 e - 2 potions of flight
 i - 5 potions of curing
 l - a potion of brilliance
 m - 2 potions of magic
 s - a potion of berserk rage
 w - a potion of heal wounds {unknown}
 x - a potion of invisibility
 B - a potion of degeneration {unknown}
 F - a potion of agility {unknown}
 H - a potion of mutation {unknown}
Comestibles
 f - 6 bread rations
 G - a royal jelly


   Skills:
 + Level 6.0 Fighting
 + Level 5.1 Maces & Flails
 * Level 7.8 Armour
 * Level 7.9 Shields


You had 8 spell levels left.
You didn't know any spells.

Dungeon Overview and Level Annotations

Branches:
Dungeon (7/15)             Temple (1/1) D:4

Altars:
Cheibriados
Dithmenos
Elyvilon
Fedhas
Gozag
Hepliaklqana
Kikubaaqudgha
Makhleb
Nemelex Xobeh
Okawaru
Qazlal
Ru
Sif Muna
Trog
Uskayaw
Vehumet
Xom
Yredelemnul
Zin
The Shining One

Shops:
D:6 :


Innate Abilities, Weirdness & Mutations

You are resistant to torment.
Your stone body is resilient. (AC +5)
You are immune to poison.
You resist negative energy. (rN+)
You are resistant to electric shocks. (rElec)
You can survive without breathing.
You are immune to petrification.
You are immune to rotting.


Message History

The orc warrior roars noisily.
You block the orc warrior's attack.
You closely miss the ice beast.
The ice beast is heavily wounded.
You block the centaur's attack.
You sock the ice beast!
The ice beast is almost dead.
You block the ice beast's attack.
The centaur hits you but does no damage.
You block the orc warrior's attack.
You sock the ice beast!
You kill the ice beast!
Okawaru accepts your kill.
Your base Fighting skill increases to level 6!
You feel like a meek peon again. The centaur closely misses you.
You barely miss the centaur.
The centaur hits you but does no damage.
The orc warrior hits you from afar with a halberd!
You die...

...#.....#.....# #..#.
#..#..#..# #..#.
#..#..#..###+ # #...
#.....#...... #. #...
#F....#.....
#..###################
#..oc.................
#...o@................
#..###################
# .....#.....#
#.....#.....#
#..#..#..#..#
#..#.Z#..#..#
....#.....#..( ...
#.... #... ###


You could see an orc warrior, a centaur and an orc.

Vanquished Creatures
  2 hungry ghosts
  A water moccasin (D:6)
  An orc warrior (D:6)
  An ice beast (D:7)
  A sky beast (D:6)
  2 ogres (D:4)
  Blork the orc (D:5)
  2 bullfrogs
  2 scorpions
  A water moccasin skeleton (D:5)
  3 killer bees (D:7)
  A crimson imp (D:5)
  A hound (D:5)
  An orc wizard (D:3)
  2 orc priests
  A jelly (D:5)
  An iguana (D:5)
  4 worker ants
  A hound skeleton (D:6)
  4 gnolls (D:4)
  3 adders
  A shadow imp (D:5)
  3 oozes
  An adder skeleton (D:5)
  4 worms
  13 orcs
  A ball python (D:1)
  4 giant cockroaches
  5 goblins
  8 hobgoblins
  3 jackals (D:3)
  6 kobolds
  A quokka (D:2)
  6 bats
  2 frilled lizards (D:2)
  2 quokka skeletons
  5 rats
101 creatures vanquished.

Notes
Turn   | Place    | Note
-------+----------+-------------------------------------------
     0 | D:1      | Querens the Gargoyle Fighter began the quest for the Orb.
     0 | D:1      | Reached XP level 1. HP: 14/14 MP: 1/1
   317 | D:1      | Reached XP level 2. HP: 17/19 MP: 2/2
   941 | D:2      | Reached XP level 3. HP: 20/23 MP: 3/3
  1407 | D:3      | Reached XP level 4. HP: 22/28 MP: 4/4
  1440 | D:3      | Reached XP level 5. HP: 16/33 MP: 5/5
  1662 | D:4      | Noticed an ogre
  1673 | D:4      | Killed an ogre
  1673 | D:4      | Reached skill level 5 in Shields
  1698 | D:4      | Reached XP level 6. HP: 5/38 MP: 6/6
  1763 | D:4      | Reached skill level 5 in Armour
  1866 | D:4      | Found a staircase to the Ecumenical Temple.
  1875 | Temple   | Entered the Ecumenical Temple
  1896 | Temple   | Became a worshipper of Warmaster Okawaru
  2196 | D:4      | Found a blossoming altar of Fedhas.
  2274 | D:4      | Found a basalt altar of Yredelemnul.
  2274 | D:4      | Found a shimmering altar of Xom.
  2418 | D:5      | Entered Level 5 of the Dungeon
  2475 | D:5      | Reached XP level 7. HP: 26/44 MP: 7/7
  2786 | D:5      | Noticed Blork the orc
  2800 | D:5      | Killed Blork the orc
  2834 | D:5      | Reached * piety under Okawaru
  2949 | D:5      | Found an opulent altar of Gozag.
  3116 | D:6      | Found an ancient bone altar of Kikubaaqudgha.
  3167 | D:6      | Reached skill level 5 in Fighting
  3167 | D:6      | Reached XP level 8. HP: 27/49 MP: 8/8
  3521 | D:6      | Found Yjoliess's Book Emporium.
  3753 | D:6      | Reached ** piety under Okawaru
  3987 | D:7      | Found a white marble altar of Elyvilon.
  4022 | D:7      | Found a hide-covered altar of Uskayaw.
  4038 | D:7      | Reached skill level 5 in Maces & Flails
  4038 | D:7      | Reached XP level 9. HP: 23/55 MP: 9/9
  4102 | D:7      | HP: 1/82 [ice beast (5)]
  4108 | D:7      | Demolished by an orc warrior

Skill      XL: |  1  2  3  4  5  6  7  8  9 |
---------------+----------------------------+-----
Shields        | 4 5 6 7 |  7.9
Armour         | 4 5 6 7 |  7.8
Fighting       | 4 5 6 |  6.0
Maces & Flails | 3 4 5 |  5.1

Action                   |  1- 3 |  4- 6 |  7- 9 || total
-------------------------+-------+-------+-------++-------
Melee: Flail             |   174 |   127 |   294 ||   595
Invok: Heroism           |       |       |     3 ||     3
  Use: Potion            |       |     1 |     3 ||     4
       Scroll            |       |       |     8 ||     8
  Eat: Chunk             |     1 |     3 |     3 ||     7
       Beef jerky        |       |       |     1 ||     1
       Meat ration       |       |       |     2 ||     2
       Fruit             |       |       |     2 ||     2
       Bread ration      |       |       |     1 ||     1
Armor: Scale mail        |    85 |    42 |   154 ||   281
Dodge: Dodged            |    43 |    43 |    89 ||   175
Block: Shield            |    85 |    60 |   183 ||   328
